[Event "Marshall CC FIDE Premier March 2024"]
[Site "New York"]
[Date "2024.03.02"]
[Round "1.1"]
[White "Bortnyk, Mykola"]
[Black "Ayyappan, Santhosh"]
[Result "1-0"]
[ECO "C77"]
[WhiteElo "2453"]
[BlackElo "1900"]
[Annotator "RC"]
[PlyCount "131"]
[EventDate "2024.02.02"]
[EventType "swiss"]
[EventCountry "USA"]
[SourceTitle "playchess.com"]
[Source "ChessBase"]
[SourceQuality "1"]
[TimeControl "5400+30"]

1. e4 e5 2. Nf3 Nc6 3. Bb5 a6 4. Ba4 Nf6 5. d3 b5 6. Bb3 Be7 7. g4 d6 8. g5 Nd7 9. a4 Bb7 10. axb5 axb5 11. Rxa8 Qxa8 12. Nc3 Nd4 13. Nxd4 exd4 14. Ne2 c5 15. Ng3 d5 16. Nf5 g6 17. Nxe7 Kxe7 18. O-O dxe4 19. Bf4 Kf8 20. dxe4 Bxe4 21. Bd6+ Kg8 22. Re1 c4 23. Qxd4 cxb3 24. Bb4 Qd5 25. Qxd5 Bxd5 26. Re8+ Kg7 27. Bc3+ f6 28. Re7+ Bf7 29. Rxd7 bxc2 30. Bxf6+ Kf8 31. Rd8+ Be8 32. Rc8 Rg8 33. Rxc2 Bf7 34. Rc8+ Be8 35. Rc7 Bf7 36. f4 Ke8 37. h4 Kf8 38. Kf2 Ke8 39. Ke3 Kf8 40. Kd4 Ke8 41. Kc5 Bc4 42. Re7+ Kd8 43. b3 Bxb3 44. Re3+ Kd7 45. Rxb3 Ke6 46. Rxb5 Kf5 47. Rb7 h5 48. Kd6 Kxf4 49. Ke6 Kg4 50. Rb4+ Kf3 51. Kf7 Rc8 52. Kxg6 Rc7 53. Kxh5 Rf7 54. Kg6 Rf8 55. h5 Rc8 56. h6 Re8 57. h7 Rc8 58. h8=Q Rxh8 59. Bxh8 Ke3 60. Kf5 Kd3 61. g6 Ke3 62. g7 Kd3 63. g8=Q Ke3 64. Qg3+ Kd2 65. Rb2+ Kc1 66. Qe1# 1-0

[Event "Marshall CC FIDE Premier March 2024"]
[Site "New York"]
[Date "2024.03.02"]
[Round "1.2"]
[White "Rand, Steven J"]
[Black "Zeltsan, Joseph"]
[Result "0-1"]
[ECO "A13"]
[WhiteElo "1945"]
[BlackElo "2419"]
[Annotator "RC"]
[PlyCount "94"]
[EventDate "2024.02.02"]
[EventType "swiss"]
[EventCountry "USA"]
[SourceTitle "playchess.com"]
[Source "ChessBase"]
[SourceQuality "1"]
[TimeControl "5400+30"]

1. c4 e6 2. g3 d5 3. Bg2 Nf6 4. Nf3 d4 5. O-O c5 6. e3 Nc6 7. exd4 cxd4 8. d3 Bd6 9. Bg5 h6 10. Bxf6 Qxf6 11. Nbd2 Qd8 12. Nb3 e5 13. Re1 O-O 14. c5 Bc7 15. Nbd2 f5 16. b4 Qf6 17. b5 Ne7 18. Nc4 Ng6 19. Nfd2 Kh8 20. a4 Qe7 21. Nb3 Be6 22. Bxb7 Rad8 23. Rc1 e4 24. dxe4 f4 25. Bd5 fxg3 26. fxg3 Bxg3 27. hxg3 Qg5 28. Qd2 Nf4 29. Bxe6 Qxg3+ 30. Kh1 Nxe6 31. Rg1 Qxb3 32. Ne5 Kh7 33. Qh2 d3 34. c6 d2 35. Rcd1 Qe3 36. Qg2 Rf2 37. Qg6+ Kh8 38. Nf7+ Rxf7 39. Qxe6 Qf3+ 40. Kh2 Qh5+ 41. Kg2 Rdf8 42. Rxd2 Qg5+ 43. Kh1 Rf1 44. Rxf1 Rxf1+ 45. Kh2 Qg1+ 46. Kh3 Rf3+ 47. Kh4 Qg5# 0-1

[Event "Marshall CC FIDE Premier March 2024"]
[Site "New York"]
[Date "2024.03.02"]
[Round "1.3"]
[White "Hughes, John L"]
[Black "Kozower, Ethan"]
[Result "1-0"]
[ECO "A36"]
[WhiteElo "2190"]
[BlackElo "1941"]
[Annotator "RC"]
[PlyCount "129"]
[EventDate "2024.02.02"]
[EventType "swiss"]
[EventCountry "USA"]
[SourceTitle "playchess.com"]
[Source "ChessBase"]
[SourceQuality "1"]
[TimeControl "5400+30"]

1. c4 Nf6 2. Nc3 c5 3. e4 Nc6 4. g3 g6 5. Bg2 Bg7 6. Nge2 O-O 7. O-O Rb8 8. d3 a6 9. Be3 d6 10. h3 Bd7 11. f4 b5 12. Qd2 b4 13. Nd1 Ne8 14. d4 cxd4 15. Nxd4 Nxd4 16. Bxd4 Qc8 17. Kh2 Qxc4 18. Bxg7 Nxg7 19. Ne3 Qe6 20. Nd5 Ne8 21. Rfe1 a5 22. e5 dxe5 23. Rxe5 Qd6 24. Nxe7+ Kg7 25. Rd1 Qxd2 26. Rxd2 Bb5 27. Rdd5 Nc7 28. Rc5 f6 29. Rxc7 fxe5 30. Nc6+ Kh6 31. Nxe5 Be2 32. Nf7+ Kg7 33. Ng5+ Kf6 34. Nxh7+ Ke6 35. Nxf8+ Rxf8 36. Rc5 Bd3 37. Rxa5 Rc8 38. Re5+ Kf6 39. Rd5 Bb1 40. Rd6+ Ke7 41. Rd4 Bxa2 42. Rxb4 Rc2 43. b3 Rb2 44. g4 Rxb3 45. Rxb3 Bxb3 46. Be4 Kf6 47. g5+ Kg7 48. Kg3 Ba4 49. h4 Bd7 50. Bf3 Bf5 51. Bg4 Bd3 52. h5 gxh5 53. Bxh5 Bc2 54. Kh4 Bd3 55. Bg4 Kg6 56. f5+ Kf7 57. Kg3 Bc2 58. Kf4 Bb1 59. Ke5 Kg7 60. Bh5 Ba2 61. Kd6 Bb1 62. f6+ Kf8 63. g6 Bc2 64. g7+ Kg8 65. Bf3 1-0

[Event "Marshall CC FIDE Premier March 2024"]
[Site "New York"]
[Date "2024.03.02"]
[Round "1.4"]
[White "Das, Aditeya"]
[Black "Lin, Bryan Enming"]
[Result "1-0"]
[ECO "C45"]
[WhiteElo "1900"]
[BlackElo "2111"]
[Annotator "RC"]
[PlyCount "55"]
[EventDate "2024.02.02"]
[EventType "swiss"]
[EventCountry "USA"]
[SourceTitle "playchess.com"]
[Source "ChessBase"]
[SourceQuality "1"]
[TimeControl "5400+30"]

1. e4 e5 2. Nf3 Nc6 3. d4 exd4 4. Nxd4 Bb4+ 5. c3 Bc5 6. Be3 Bb6 7. Nf5 d5 8. Nxg7+ Kf8 9. Bxb6 axb6 10. exd5 Ne5 11. Nh5 Bg4 12. Be2 Qg5 13. Ng3 Bxe2 14. Kxe2 Re8 15. Re1 Ng4+ 16. Kf1 Nxh2+ 17. Kg1 Rxe1+ 18. Qxe1 Ng4 19. Nd2 N8f6 20. d6 cxd6 21. Nf3 Qc5 22. Qd2 h5 23. b4 Qc6 24. Nf5 d5 25. Re1 h4 26. Qg5 Rg8 27. Qf4 Ne4 28. Rxe4 1-0

[Event "Marshall CC FIDE Premier March 2024"]
[Site "New York"]
[Date "2024.03.02"]
[Round "1.5"]
[White "Hebbar, Eshaan"]
[Black "Klein, Ethan"]
[Result "1-0"]
[ECO "D10"]
[WhiteElo "2187"]
[BlackElo "1946"]
[Annotator "RC"]
[PlyCount "91"]
[EventDate "2024.02.02"]
[EventType "swiss"]
[EventCountry "USA"]
[SourceTitle "playchess.com"]
[Source "ChessBase"]
[SourceQuality "1"]
[TimeControl "5400+30"]

1. d4 d5 2. c4 c6 3. Nc3 Nf6 4. e3 Bf5 5. cxd5 cxd5 6. Qb3 Nc6 7. Qxb7 Bd7 8. Qb3 Rb8 9. Qd1 e5 10. Nf3 Bd6 11. dxe5 Nxe5 12. Be2 O-O 13. O-O Qe7 14. Nd4 Rfc8 15. Bb5 Rxc3 16. Bxd7 Rd3 17. Qe2 Rxd4 18. exd4 Nexd7 19. Be3 Ne4 20. Rac1 Qh4 21. h3 f5 22. Rc6 Rf8 23. Bc1 Rf6 24. Rc8+ Kf7 25. Qb5 Ke7 26. Qxd5 g5 27. Qg8 Rf8 28. Rxf8 Nxf8 29. Qg7+ Ke8 30. Qxa7 g4 31. Qa8+ Kf7 32. Qd5+ Kg6 33. Qg8+ Kf6 34. Bf4 Bxf4 35. Qxf8+ Kg6 36. Qg8+ Kh6 37. Qe6+ Kg5 38. Qe7+ Nf6 39. Qg7+ Kh5 40. Rd1 Bd6 41. Rd3 h6 42. Qf7+ Kg5 43. g3 Qxh3 44. Qg7+ Kh5 45. Qxf6 f4 46. Qf5# 1-0

[Event "Marshall CC FIDE Premier March 2024"]
[Site "New York"]
[Date "2024.03.02"]
[Round "2.1"]
[White "Hyatt, Jessica"]
[Black "Bortnyk, Mykola"]
[Result "0-1"]
[ECO "A51"]
[WhiteElo "1885"]
[BlackElo "2453"]
[Annotator "TA"]
[PlyCount "106"]
[EventDate "2024.02.02"]
[EventType "swiss"]
[EventCountry "USA"]
[SourceTitle "playchess.com"]
[Source "ChessBase"]
[SourceQuality "1"]
[TimeControl "5400+30"]

1. d4 Nf6 2. c4 e5 3. dxe5 Ne4 4. a3 Nc6 5. Nf3 d6 6. exd6 Bxd6 {[%emt 0:00:06][%cal Oe4f2] Hoping for ...Nxf2!} 7. e3 Qf6 8. Qc2 Nc5 9. Nc3 {[%emt 0:00:29] White has an edge.} Bf5 10. e4 Bg4 11. Be3 {[%emt 0:05:11] And now Nd5 would win.} O-O-O 12. Nd5 $1 Qg6 13. Nd2 Rhe8 14. f3 Bd7 15. b4 (15. O-O-O $16) 15... Ne6 $1 $14 16. Nb3 f5 17. Bd3 (17. c5 $16 Bf8 (17... Be5 18. O-O-O $16) 18. b5 (18. exf5 Ned4 $14)) 17... Ne5 $1 $11 {[%emt 0:01:49] ...Nxd3+ is the strong threat.} 18. O-O-O (18. Bxa7 $2 Nxd3+ 19. Qxd3 Nf4 (19... Qxg2 20. Nb6+ cxb6 21. Qxd6 $15) 20. Nxf4 Bxf4 $19) (18. exf5 $14 Nxd3+ 19. Qxd3) 18... Nxd3+ $15 19. Qxd3 (19. Rxd3 $15 fxe4 20. fxe4) 19... fxe4 $17 20. fxe4 Ba4 21. e5 (21. Qc2 $17 {was called for.}) 21... Bxe5 (21... Qxd3 $19 22. Rxd3 Bxe5) 22. Qxg6 $15 hxg6 23. Kc2 g5 {[%emt 0:07:35] Prevents g3.} 24. g3 $1 b6 25. Nc3 Bc6 {[%emt 0:05:36] A strong pair of Bishops.} 26. Rxd8+ Rxd8 27. Re1 Bf6 28. Bxb6 axb6 29. Rxe6 Bd7 30. Re2 Bg4 31. Rf2 c6 {[%emt 0:00:02] Inhibits Nd5.} (31... Kb7 $11) 32. b5 (32. c5 $14) 32... Bh5 {[%emt 0:00:27] Strongly threatening ...cxb5.} 33. Rd2 $1 ({Much worse is} 33. bxc6 Bg6+ 34. Kb2 Rd3 35. Rxf6 (35. Rc2 $2 Re3 $19) 35... gxf6 $17) 33... Bg6+ 34. Kb2 Re8 35. bxc6 (35. Nd4 $1 $11 Rd8 36. Nb3) 35... Re4 $1 $17 36. Nc1 Rxc4 37. N1a2 (37. N1e2 $17) 37... Rxc6 $19 {[%emt 0:00:15] White must now prevent ...Bf7.} 38. Kb3 $2 (38. Rf2 {was forced.}) 38... Bf7+ $1 39. Nd5 Rc5 40. Nab4 Kb7 $2 (40... Kd7 41. h4 Kd6 (41... gxh4 $2 42. gxh4 Kd6 43. h5 $19) 42. hxg5 Bxg5 (42... Bxd5+ 43. Rxd5+ Rxd5 44. Nxd5 $11)) 41. Rd3 g4 42. Ka2 Bc3 (42... Rc1 $17 43. Rd2 Be6) 43. Re3 $1 $15 Bf6 {[%emt 0:02:58] Dodges Re7+} (43... Rc7 $15 44. Kb1 Bd4) 44. Rd3 $17 Kc8 ({Better is} 44... Rc1 $1 $17 45. Kb3 Bg8) 45. a4 ({White should try} 45. Rd1 $1 $15) 45... Rc1 46. Ka3 Ra1+ 47. Na2 {[%emt 0:00:14] [#]} (47. Kb3 $142) 47... Kb8 $1 48. Rd2 $2 {[%emt 0:00:34] [#]} (48. Kb3 $17 {nothing else works.}) 48... Rb1 $1 $19 {[%emt 0:00:09][%cal Of6e7] aiming for ...Be7+!} 49. Rd3 Bxd5 50. Rxd5 Be7+ 51. Nb4 Rxb4 52. Rd8+ Bxd8 53. Kxb4 Kb7 {[%emt 0:39:58] Weighted Error Value: White=0.55/Black=0.22 (precise) .  Loses game:     	White=1     	---        Mistake:       	White=11    	Black=6      Inaccurate:     	White=1     	Black=5      OK:         	White=14    	Black=11     Best:        	White=8     	Black=7      Strong:       	White=4     	Black=6} 0-1

[Event "Marshall CC FIDE Premier March 2024"]
[Site "New York"]
[Date "2024.03.02"]
[Round "2.2"]
[White "Zeltsan, Joseph"]
[Black "Das, Aditeya"]
[Result "1-0"]
[ECO "D78"]
[WhiteElo "2419"]
[BlackElo "1900"]
[Annotator "TA"]
[PlyCount "91"]
[EventDate "2024.02.02"]
[EventType "swiss"]
[EventCountry "USA"]
[SourceTitle "playchess.com"]
[Source "ChessBase"]
[SourceQuality "1"]
[TimeControl "5400+30"]

1. Nf3 Nf6 2. g3 d5 3. Bg2 g6 4. O-O Bg7 5. d4 O-O 6. c4 c6 7. Qb3 Qb6 8. Nc3 Bf5 9. Re1 Nbd7 10. cxd5 (10. h3 {with more complications.} e6 11. Bf4 Ne4 12. g4) 10... Qxb3 11. axb3 {[%emt 0:01:03] Black must now prevent e4. The position is equal.} cxd5 12. Bf4 a6 13. Rec1 Rfc8 14. Ne5 Nb6 15. h3 h5 16. Ra5 Be6 17. Nd3 Bd7 18. e3 ({Don't play} 18. Bxd5 Nfxd5 19. Nxd5 Rxc1+ 20. Bxc1 Nxd5 21. Rxd5 Bc6 $17 (21... Bxh3 22. Nf4 $17)) 18... e6 19. Be5 Bc6 20. Rca1 Ne8 21. Bxg7 Kxg7 22. Bf1 Nd7 23. b4 {[%emt 0:00:47] Hoping for b5.} Nc7 24. R5a2 b6 (24... h4 $11) 25. Ne5 Nxe5 26. dxe5 b5 {[%emt 0:00:00] Black is weak on the dark squares} 27. Ne2 Bb7 28. Nd4 f6 {[%emt 0:00:00] White now steadily converts the win.} (28... Rab8 $14) 29. f4 $16 Kf7 30. Bd3 {[%emt 0:02:02] White is much more active.} f5 31. Kf2 Ke7 32. Ra3 Rab8 33. Rh1 Na8 {[%emt 0:00:00] [#]} (33... Kf7 $142 34. g4 hxg4) 34. g4 $1 $18 h4 (34... Rg8 35. Rc3) 35. Rg1 {[%emt 0:00:07][%cal Rg4f5] gxf5 would now be deadly.} Kf7 36. Raa1 Nb6 $2 (36... Nc7 37. Rg2 Rh8) 37. Nxe6 Nc4 (37... Kxe6 $142 38. gxf5+ Kd7 39. Rxg6 (39. fxg6 Rg8 $18) 39... Nc4) 38. gxf5 Nxb2 {[%emt 0:00:00] [#]} 39. Rxg6 $1 {[%emt 0:03:26] Threatening mate with Rg7+.} Nxd3+ (39... Rg8 40. Ng5+) 40. Ke2 {[%emt 0:00:01] White wants to mate with Rg7+.} Nxe5 41. fxe5 Rg8 {[%emt 0:00:44] Repels Rg7+} 42. Rag1 Rxg6 43. Rxg6 Rg8 {[%emt 0:00:14] Wards off Rg7+} 44. Ng5+ {[%emt 0:00:02] White mates.} Kf8 45. Nh7+ Kf7 46. e6+ {[%emt 0:00:06] Weighted Error Value: White=0.05 (flawless) /Black=0.48.  Mistake:       	---       	Black=5      Inaccurate:     	---       	Black=1      OK:         	White=11    	Black=12     Best:        	---       	Black=1} 1-0

[Event "Marshall CC FIDE Premier March 2024"]
[Site "New York"]
[Date "2024.03.02"]
[Round "2.4"]
[White "Chachere, Theodore"]
[Black "Hebbar, Eshaan"]
[Result "1/2-1/2"]
[ECO "D35"]
[WhiteElo "1864"]
[BlackElo "2187"]
[Annotator "RC"]
[PlyCount "79"]
[EventDate "2024.02.02"]
[EventType "swiss"]
[EventCountry "USA"]
[SourceTitle "playchess.com"]
[Source "ChessBase"]
[SourceQuality "1"]
[TimeControl "5400+30"]

1. d4 d5 2. c4 e6 3. Nc3 Nf6 4. Bg5 Bb4 5. cxd5 exd5 6. e3 O-O 7. Bd3 h6 8. Bh4 Re8 9. Nge2 c6 10. O-O Nbd7 11. Qc2 a5 12. h3 Be7 13. f3 b5 14. Bf2 Ba6 15. e4 dxe4 16. fxe4 b4 17. Bxa6 Rxa6 18. Na4 Bf8 19. Ng3 g6 20. Rae1 Re6 21. b3 Ra8 22. Nb2 Nb6 23. Nc4 Nxc4 24. bxc4 Nd7 25. c5 Qb8 26. Rd1 Re8 27. Qc4 Kg7 28. e5 Qd8 29. Be3 Re6 30. Ne4 Qe8 31. Bc1 Kg8 32. Rf3 f5 33. exf6 Qf7 34. Qd3 Rae8 35. Ng3 Nxf6 36. Rdf1 Bg7 37. d5 cxd5 38. Bb2 Qe7 39. Qxg6 Qf7 40. Qd3 1/2-1/2

[Event "Marshall CC FIDE Premier March 2024"]
[Site "New York"]
[Date "2024.03.02"]
[Round "2.5"]
[White "Panico, Nick"]
[Black "Zhu, Linxi"]
[Result "1/2-1/2"]
[ECO "A03"]
[WhiteElo "1939"]
[BlackElo "1981"]
[Annotator "RC"]
[PlyCount "84"]
[EventDate "2024.02.02"]
[EventType "swiss"]
[EventCountry "USA"]
[SourceTitle "playchess.com"]
[Source "ChessBase"]
[SourceQuality "1"]
[TimeControl "5400+30"]

1. f4 d5 2. Nf3 g6 3. g3 Bg7 4. Bg2 Nf6 5. O-O O-O 6. d3 c5 7. c3 Nc6 8. Na3 a6 9. Ne5 Bf5 10. Nxc6 bxc6 11. Qe1 Qd7 12. e4 Bh3 13. e5 Ne8 14. Bxh3 Qxh3 15. Be3 Rb8 16. Rb1 f6 17. Bxc5 fxe5 18. fxe5 Rxf1+ 19. Qxf1 Qxf1+ 20. Kxf1 Bxe5 21. Bxe7 Rb7 22. Bc5 Nf6 23. Kg2 Kg7 24. h3 g5 25. Bf2 a5 26. Re1 Bd6 27. Re2 Kf7 28. Bd4 c5 29. Bxf6 Kxf6 30. Nb1 a4 31. c4 dxc4 32. dxc4 Be5 33. Nd2 Bd4 34. b3 axb3 35. Nxb3 Rb4 36. Rc2 Ke5 37. Kf3 h5 38. g4 h4 39. Nd2 Ra4 40. Nb3 Rb4 41. Re2+ Kd6 42. Rc2 Ke5 1/2-1/2

[Event "Marshall CC FIDE Premier March 2024"]
[Site "New York"]
[Date "2024.03.03"]
[Round "3.1"]
[White "Bortnyk, Mykola"]
[Black "Zeltsan, Joseph"]
[Result "1-0"]
[ECO "B22"]
[WhiteElo "2453"]
[BlackElo "2419"]
[Annotator "TA"]
[PlyCount "113"]
[EventDate "2024.02.02"]
[EventType "swiss"]
[EventCountry "USA"]
[SourceTitle "playchess.com"]
[Source "ChessBase"]
[SourceQuality "1"]
[TimeControl "5400+30"]

1. e4 c5 2. c3 Nf6 3. e5 Nd5 4. Bc4 e6 5. Nf3 Be7 (5... d6 6. O-O dxe5 7. Nxe5 Bd6 8. d4 O-O 9. Nd2 Qc7 10. Ne4 Be7 11. Bb3 cxd4 12. cxd4 Nc6 13. Nxc6 Qxc6 14. Qf3 Rd8 15. Be3 b6 16. Rac1 Qe8 17. Bxd5 exd5 {1-0 Bortnyk,M (2421)-Zeltsan,J (2439) New York Marshall op 2024 (4)}) 6. d4 {[%emt 0:01:10] B22: Sicilian: 2 c3.} d6 7. exd6 Qxd6 8. dxc5 Qxc5 9. Bxd5 exd5 10. O-O O-O 11. Bf4 $146 ({Predecessor:} 11. Be3 Qd6 12. Nbd2 Bg4 13. h3 Bh5 14. Nb3 Nd7 15. Nbd4 Ne5 16. Bf4 Nxf3+ 17. Qxf3 Bxf3 18. Bxd6 Bxd6 19. Nxf3 {1-0 Rublevsky,S (2684)-Nikolov,M (2589) SRB-chT Valjevo 2011 (1.1)}) 11... Nc6 12. Nbd2 Bg4 13. Qb3 Na5 14. Qc2 Nc4 15. Ne5 Be6 16. Rfe1 (16. Ndf3 {simplifies} Nxe5 17. Bxe5 f6 18. Bf4) 16... Rae8 17. Rad1 Qc8 18. Ndf3 Bf6 19. Qc1 Rd8 20. Nd4 Rfe8 21. Nxc4 dxc4 22. Bg5 Bxg5 23. Qxg5 h6 24. Qf4 Bd7 25. h3 Qc5 26. Nf3 Rxe1+ 27. Nxe1 (27. Rxe1 {simplifies} Bc6 28. Nd4 Qd6 29. Qxd6 Rxd6 30. Re5) 27... Re8 (27... Qc8 $1 $14) 28. Rxd7 $16 Rxe1+ 29. Kh2 Re7 30. Rxe7 Qxe7 31. Qxc4 Qd6+ 32. g3 Qb6 33. Qe2 g6 34. b4 h5 35. h4 Qc7 36. c4 Qd6 37. c5 Qd4 38. a3 a5 $2 (38... a6 $16 39. Kg2 a5) 39. Qe3 (39. bxa5 Qxc5 40. Qb2 Qxa5 $17) 39... Qc4 40. Qf4 (40. bxa5 Qa4 41. Qc3 g5 42. hxg5 h4 $18) (40. Qe8+ $142 Kh7 41. c6 (41. bxa5 Qxc5 42. Qxf7+ Kh6 $18) 41... bxc6 42. bxa5) 40... Qd5 41. Qe3 $2 ({And not} 41. bxa5 Qxc5 42. Qb8+ Kg7 $11) (41. Qd6 $18 Qf3 42. Qb8+ (42. bxa5 Qxf2+ 43. Kh3 Qf5+ 44. Kg2 Qe4+ 45. Kg1 Qe1+ 46. Kg2 Qxa5 $11) 42... Kg7 43. Qe5+ (43. bxa5 Qxf2+ 44. Kh3 Qxc5 $11) 43... Kf8 44. Qe3 (44. bxa5 Qxf2+ 45. Kh3 Qf1+ 46. Kh2 Qf2+ 47. Kh3 Qf1+ 48. Kh2 Qd3 $11)) 41... axb4 $2 (41... Qc4 $1 $11) 42. axb4 $16 Qc4 43. Qe8+ Kg7 44. Qe5+ Kh7 45. Qf4 Qd5 46. Qd6 Qf5 $2 (46... Qe4 $16 {is a better chance.}) 47. Qd4 $18 Qb1 48. Qc4 Kg8 49. b5 Kf8 50. c6 bxc6 51. Qc5+ Ke8 52. Qxc6+ Kd8 53. b6 Qb2 54. Qd6+ Ke8 55. Kg2 Qc2 56. Qb8+ Kd7 57. Qa7+ 1-0

[Event "Marshall CC FIDE Premier March 2024"]
[Site "New York"]
[Date "2024.03.03"]
[Round "3.2"]
[White "Rama, Tejas"]
[Black "Baalla, Nura"]
[Result "1-0"]
[ECO "D37"]
[WhiteElo "2221"]
[BlackElo "1932"]
[Annotator "RC"]
[PlyCount "71"]
[EventDate "2024.02.02"]
[EventType "swiss"]
[EventCountry "USA"]
[SourceTitle "playchess.com"]
[Source "ChessBase"]
[SourceQuality "1"]
[TimeControl "5400+30"]

1. d4 Nf6 2. c4 e6 3. Nf3 d5 4. Nc3 Be7 5. Bf4 O-O 6. e3 b6 7. Bd3 Bb7 8. cxd5 exd5 9. O-O a6 10. Rc1 Nbd7 11. h3 c5 12. b3 Ne4 13. dxc5 Ndxc5 14. Bb1 a5 15. Nd4 Bf6 16. Ncb5 Bg5 17. Bc7 Qf6 18. Qg4 Bc8 19. Qe2 Qh6 20. Nf3 Be7 21. Bf4 g5 22. Bh2 g4 23. hxg4 Bxg4 24. Nbd4 Bf6 25. Qb5 Qh5 26. Bxe4 dxe4 27. Nd2 Bxd4 28. exd4 Bf3 29. dxc5 Rad8 30. Nxf3 exf3 31. Rc3 Rd4 32. Rxf3 Rh4 33. Rg3+ Kh8 34. Qxb6 f6 35. Qd6 Qh6 36. Rf3 1-0

[Event "Marshall CC FIDE Premier March 2024"]
[Site "New York"]
[Date "2024.03.03"]
[Round "3.3"]
[White "Zhu, Linxi"]
[Black "Li, Michael"]
[Result "1/2-1/2"]
[ECO "B45"]
[WhiteElo "1981"]
[BlackElo "2035"]
[Annotator "RC"]
[PlyCount "81"]
[EventDate "2024.02.02"]
[EventType "swiss"]
[EventCountry "USA"]
[SourceTitle "playchess.com"]
[Source "ChessBase"]
[SourceQuality "1"]
[TimeControl "5400+30"]

1. e4 c5 2. Nf3 e6 3. d4 cxd4 4. Nxd4 Nf6 5. Nc3 Nc6 6. Nxc6 bxc6 7. e5 Nd5 8. Ne4 Bb7 9. c4 Nb4 10. Bd2 c5 11. Ng3 Qc7 12. Bc3 Rd8 13. a3 Nc6 14. f4 d6 15. Qa4 dxe5 16. fxe5 Qd7 17. Rd1 Nd4 18. Qxd7+ Rxd7 19. Bxd4 Rxd4 20. Rxd4 cxd4 21. Ne2 g6 22. Nxd4 Bg7 23. Nf3 Bxf3 24. gxf3 Bxe5 25. b3 Bb2 26. a4 Bc3+ 27. Kd1 Ke7 28. Kc2 Bb4 29. Bd3 a5 30. Rd1 Rd8 31. Be4 Rxd1 32. Kxd1 f5 33. Bb7 g5 34. Ke2 Kd6 35. Kd3 Ke5 36. Bc8 h5 37. h3 g4 38. fxg4 fxg4 39. hxg4 hxg4 40. Ke2 Bc5 41. Ke1 1/2-1/2

[Event "Marshall CC FIDE Premier March 2024"]
[Site "New York"]
[Date "2024.03.03"]
[Round "3.5"]
[White "Peterson, Ryan H"]
[Black "Gartenlaub, Corin"]
[Result "1-0"]
[ECO "E81"]
[WhiteElo "2025"]
[BlackElo "1868"]
[Annotator "RC"]
[PlyCount "75"]
[EventDate "2024.02.02"]
[EventType "swiss"]
[EventCountry "USA"]
[SourceTitle "playchess.com"]
[Source "ChessBase"]
[SourceQuality "1"]
[TimeControl "5400+30"]

1. d4 Nf6 2. c4 g6 3. Nc3 Bg7 4. e4 d6 5. f3 O-O 6. Be3 c5 7. Nge2 Qa5 8. Qd2 Nbd7 9. d5 Ne5 10. Ng3 h5 11. Be2 a6 12. O-O Rb8 13. a4 Qc7 14. h3 b6 15. f4 Ned7 16. Rad1 Rd8 17. Bd3 Nf8 18. Qf2 e6 19. Bc2 exd5 20. exd5 Re8 21. Rfe1 Bd7 22. f5 b5 23. axb5 axb5 24. cxb5 Re5 25. Bf4 Rxe1+ 26. Qxe1 Bxb5 27. Nge4 Nxe4 28. Nxe4 Bd4+ 29. Kh1 Rb6 30. Qg3 h4 31. Qxh4 gxf5 32. Nf6+ Bxf6 33. Qxf6 Nh7 34. Qxf5 f6 35. Qe6+ Kg7 36. Re1 Nf8 37. Bh6+ Kxh6 38. Qxf6+ 1-0

[Event "Marshall CC FIDE Premier March 2024"]
[Site "New York"]
[Date "2024.03.03"]
[Round "4.1"]
[White "Rama, Tejas"]
[Black "Bortnyk, Mykola"]
[Result "1-0"]
[ECO "E11"]
[WhiteElo "2221"]
[BlackElo "2453"]
[Annotator "RC"]
[PlyCount "118"]
[EventDate "2024.02.02"]
[EventType "swiss"]
[EventCountry "USA"]
[SourceTitle "playchess.com"]
[Source "ChessBase"]
[SourceQuality "1"]
[TimeControl "5400+30"]

1. d4 Nf6 2. c4 e6 3. Nf3 Bb4+ 4. Bd2 a5 5. a3 Bxd2+ 6. Qxd2 d6 7. Nc3 Nbd7 8. e4 e5 9. O-O-O exd4 10. Nxd4 O-O 11. Bd3 Ne5 12. Be2 Nfd7 13. f4 Nc6 14. Ndb5 Nc5 15. Kb1 a4 16. Qc2 Be6 17. f5 Bd7 18. Nd5 Rc8 19. f6 Be6 20. fxg7 Kxg7 21. Rhf1 Bxd5 22. exd5 Ne5 23. Nd4 Kh8 24. Rf4 Ng6 25. Qc3 f6 26. Rf5 Qe7 27. Rdf1 Rce8 28. Bh5 Qe4+ 29. Ka2 Qe3 30. Qxe3 Rxe3 31. Rxf6 Rxf6 32. Rxf6 Nb3 33. Re6 Rxe6 34. Nxe6 Ne5 35. Nxc7 Nxc4 36. Be8 Nc5 37. Ne6 Nd3 38. Bxa4 Ne3 39. Bb5 Nc1+ 40. Kb1 Nb3 41. Nf4 Kg7 42. Ba4 Nd4 43. Kc1 Kf6 44. Kd2 Nf1+ 45. Kd3 Ke5 46. Ne6 Nf5 47. Nd8 Nxh2 48. Nxb7 Ng4 49. Bd7 Nge3 50. g4 Nxg4 51. Bxf5 Kxf5 52. Nxd6+ Kf4 53. Nc4 Nf6 54. d6 Nd7 55. a4 Kf5 56. a5 Ke6 57. b4 Kd5 58. a6 Kc6 59. b5+ Kd5 1-0

[Event "Marshall CC FIDE Premier March 2024"]
[Site "New York"]
[Date "2024.03.03"]
[Round "4.2"]
[White "Peterson, Ryan H"]
[Black "Hebbar, Eshaan"]
[Result "0-1"]
[ECO "D45"]
[WhiteElo "2025"]
[BlackElo "2187"]
[Annotator "RC"]
[PlyCount "163"]
[EventDate "2024.02.02"]
[EventType "swiss"]
[EventCountry "USA"]
[SourceTitle "playchess.com"]
[Source "ChessBase"]
[SourceQuality "1"]
[TimeControl "5400+30"]

1. Nf3 d5 2. e3 Nf6 3. c4 c6 4. Nc3 e6 5. b3 Nbd7 6. Bb2 Bd6 7. Qc2 O-O 8. d4 Re8 9. Be2 e5 10. cxd5 cxd5 11. Nb5 Bb4+ 12. Bc3 Bxc3+ 13. Qxc3 e4 14. Ne5 Re7 15. Rc1 Nb6 16. O-O Ne8 17. h3 a6 18. Na3 g6 19. Ng4 h5 20. Nh2 Nd6 21. Qa5 Nf5 22. Nb1 Re6 23. Nc3 Qg5 24. Rfd1 Kg7 25. Bf1 Nh4 26. Kh1 Qf5 27. Rd2 g5 28. g3 Nf3 29. Nxf3 exf3 30. e4 Qg6 31. Nxd5 Nxd5 32. Qxd5 Rxe4 33. Bd3 Qe6 34. Qxe6 Rxe6 35. Bf5 Re8 36. Bxc8 Raxc8 37. Rxc8 Rxc8 38. g4 hxg4 39. hxg4 Rh8+ 40. Kg1 Rh4 41. d5 Rxg4+ 42. Kf1 Re4 43. d6 Re8 44. Kg1 Kf6 45. Kh2 Ke6 46. Kg3 Rd8 47. Kxf3 Rxd6 48. Rc2 Rc6 49. Rd2 b6 50. Kg4 f6 51. f4 Rc5 52. fxg5 Rxg5+ 53. Kf4 Rd5 54. Rc2 Rd4+ 55. Ke3 Ke5 56. Rc6 Rd6 57. Rc8 f5 58. Re8+ Re6 59. Ra8 a5 60. Rd8 f4+ 61. Kf3 Rc6 62. Re8+ Kd4 63. Kxf4 Rf6+ 64. Kg3 Kc3 65. Re3+ Kb2 66. Re2+ Ka3 67. Rd2 b5 68. Rd5 Rb6 69. Rd2 b4 70. Kf3 Rc6 71. Ke3 Rc1 72. Kd3 Ra1 73. Kc4 Rxa2 74. Rd3 Rc2+ 75. Kb5 Rc3 76. Rd4 Kxb3 77. Kxa5 Rc4 78. Rd3+ Kc2 79. Rh3 b3 80. Rh2+ Kb1 81. Kb5 Rg4 82. Rh1+ 0-1